 Dungeon Crawl Stone Soup version 0.21.1-1-g345015f (webtiles) character file.

5290 wotfoxis the Thaumaturge (level 10, -8/50 HPs)
             Began as a Deep Elf Summoner on Feb 20, 2018.
             Was an Elder of Yredelemnul.
             Mangled by a hippogriff (9 damage)
             ... while paralysed by an orc sorcerer
             ... on level 10 of the Dungeon.
             The game lasted 01:41:43 (9719 turns).

wotfoxis the Thaumaturge (Deep Elf Summoner)        Turns: 9719, Time: 01:41:44

Health: -8/50      AC:  7    Str:  5    XL:     10   Next: 37%
Magic:  8/29       EV:  2    Int: 22    God:    Yredelemnul [****..]
Gold:   722        SH:  0    Dex: 17    Spells: 20/36 levels left

rFire    . . .     SeeInvis .   B - +2 dagger (vamp)
rCold    . . .     Gourm    .   (no shield)
rNeg     . . .     Faith    .   e - +0 robe
rPois    .         Spirit   .   r - +2 hat
rElec    .         Reflect  .   (no cloak)
rCorr    .         Harm     .   x - +1 pair of gloves
MR       +....                  h - +0 pair of boots
Stlth    ++++......             f - amulet of regeneration
HPRegen  0.56/turn              a - +1 ring of evasion
MPRegen  0.21/turn              m - ring of stealth

@: paralysed, very slightly contaminated
A: no striking features
a: Recall Undead Slaves, Injury Mirror, Animate Dead, Drain Life, Renounce
Religion


You were on level 10 of the Dungeon.
You worshipped Yredelemnul.
Yredelemnul was greatly pleased with you.
You were not hungry.

You visited 2 branches of the dungeon, and saw 11 of its levels.
You also visited: Ossuary.

You collected 722 gold pieces.

Inventory:

Hand Weapons
 B - a +2 vampiric dagger (weapon)
Armour
 e - a +0 robe (worn)
 h - a +0 pair of boots (worn)
 r - a +2 hat (worn)
 x - a +1 pair of gloves (worn)
Jewellery
 a - a +1 ring of evasion (left hand)
 f - an amulet of regeneration (around neck)
 j - an uncursed amulet of magic regeneration
 m - a ring of stealth (right hand)
Wands
 p - a wand of digging (13)
 s - a wand of clouds (8)
 y - a wand of random effects (12)
 z - a wand of polymorph (7)
 G - a wand of acid (3)
Scrolls
 d - 2 scrolls of immolation
 k - 7 scrolls of teleportation
 l - 6 scrolls of magic mapping
 n - a scroll of amnesia
 q - a scroll of remove curse
 u - 2 scrolls of noise
 v - a scroll of fear {unknown}
 D - 2 scrolls of fog
 E - a scroll of blinking {unknown}
 J - 4 scrolls of identify
Potions
 g - 5 potions of flight
 i - 2 potions of ambrosia
 o - 3 potions of heal wounds
 t - 3 potions of lignification
 w - a potion of agility
 A - 4 potions of curing
 C - 3 potions of mutation
 H - a potion of brilliance
 I - a potion of might
 K - a potion of berserk rage
Books
 b - a book of Callings

   Spells                             Type                      Level
   a - Summon Small Mammal            Summoning                    1
   b - Call Imp                       Summoning                    2
   c - Call Canine Familiar           Summoning                    3
   d - Summon Guardian Golem          Hexes/Summoning              3
   e - Summon Lightning Spire         Summoning/Air                4
   f - Summon Ice Beast               Ice/Summoning                4
 F - a book of Party Tricks

   Spells                             Type                      Level
   a - Summon Butterflies             Summoning                    1
   b - Apportation                    Translocation                1
   c - Lesser Beckoning               Translocation                3
   d - Tukima's Dance                 Hexes                        3
   e - Alistair's Intoxication        Transmutation/Poison         5
   f - Invisibility                   Hexes                        6
Comestibles
 c - 6 rations


   Skills:
 + Level 1.3 Short Blades
 + Level 3.3 Dodging
 * Level 3.9 Stealth
 + Level 13.5 Spellcasting
 + Level 1.0 Hexes
 + Level 11.2 Summonings
 + Level 3.1 Air Magic
 + Level 3.1 Invocations


You had 20 spell levels left.
You knew the following spells:

 Your Spells              Type           Power        Failure   Level  Hunger
a - Summon Small Mammal   Summ           ####         1%          1    None
b - Call Imp              Summ           ######..     1%          2    None
c - Call Canine Familiar  Summ           ######..     1%          3    None
d - Summon Lightning Spi  Summ/Air       #####...     2%          4    None
e - Summon Guardian Gole  Hex/Summ       #####...     1%          3    None
f - Tukima's Dance        Hex            ###.....     9%          3    None


Dungeon Overview and Level Annotations

Branches:
Dungeon (10/15)            Temple (0/1) D:5             Orc (1/2) D:9
   Lair: D:8-11

Altars:
Cheibriados
Dithmenos
Fedhas
Nemelex Xobeh
Okawaru
Sif Muna
Trog
Xom
Yredelemnul
Zin


Message History

The bolt of fire hits your crimson imp.
Your crimson imp completely resists.
The bolt of fire hits you!
Ouch! That really hurt!
Your crimson imp misses the orc sorcerer.
The orc sorcerer hits your crimson imp with a dagger.
Your crimson imp blinks!
The hippogriff bites you!
* * * LOW HITPOINT WARNING * * *
The hippogriff pecks you but does no damage.
The hippogriff claws you but does no damage.
Your white imp gestures at the orc sorcerer.
The puff of frost hits the orc sorcerer.
Your warg bites the orc sorcerer but does no damage.
Your warg bites the orc sorcerer but does no damage.
The hippogriff bites you.
* * * LOW HITPOINT WARNING * * *
The hippogriff pecks you!
You die...
Your body rises from the dead as a mindless zombie.

#########..5..####
#.............+
#.........#####
#.........#####
#.............#
#.............#####..
#......o.5..5.......
≈.......h.........#
≈........5Z.@H....#
≈.#...[...........#
≈.#.........#######
#.........#
...........#
.###########


You could see a hippogriff, an orc sorcerer, a friendly warg, 2 friendly crimson
imps, a friendly white imp and a friendly orc priest zombie.

Vanquished Creatures
  2 bullfrogs (D:7)
  A scorpion (D:8)
  A centaur zombie (Ossuary)
  An orc priest (D:10)
  A worker ant (D:4)
  2 oozes
  A leopard gecko (D:6)
  A hobgoblin (D:2)
  A kobold (D:7)
  A quokka (D:3)
  A bat (D:2)
  3 frilled lizards
  A rat (D:2)
17 creatures vanquished.

Vanquished Creatures (collateral kills)
  The ghost of Autsider the Protected, a journeyman FoAK of Lugonu (D:10)
  2 two-headed ogres
  Pikel (D:5)
  The ghost of Vesto the Conjurer, a novice DrCj of Vehumet (D:6)
  The ghost of shakethe the Chopper, an amateur MiFi (D:3)
  A troll (D:9)
  Prince Ribbit (D:5)
  A hippogriff (D:9)
  Sigmund (D:3)
  12 yaks (D:9)
  A steam dragon (D:10)
  Menkaure (D:5)
  Edmund (D:4)
  A water moccasin (D:9)
  2 ice beasts
  2 black bears
  A sky beast (D:9)
  A necrophage (D:6)
  3 slaves (D:5)
  5 ogres
  4 centaurs
  A big kobold (D:7)
  5 bullfrogs
  3 scorpions
  9 crimson imps
  3 centaur zombies
  3 jellies
  A quasit (D:7)
  4 orc priests
  10 hounds
  2 bullfrog skeletons (D:4)
  10 orc wizards
  2 centaur skeletons
  7 worker ants
  Natasha (thrice) (D:4)
  3 iguanas
  Terence (D:3)
  A howler monkey zombie (D:4)
  6 mummies
  A worker ant zombie (D:9)
  8 gnolls
  A howler monkey skeleton (D:6)
  11 adders
  A shadow imp (D:8)
  4 worms
  2 adder skeletons
  2 dart slugs
  5 leopard geckos
  58 orcs
  A bat (D:1)
  7 giant cockroaches
  7 goblins
  6 hobgoblins
  13 jackals
  2 quokkas (D:3)
  4 ball pythons
  7 frilled lizards
  4 gnoll zombies
  A goblin zombie (Ossuary)
  A hobgoblin zombie (Ossuary)
  10 kobolds
  2 orc zombies
  A quokka skeleton (D:4)
  9 rats
286 creatures vanquished.

Vanquished Creatures (others)
  A two-headed ogre zombie (D:8)
  A slave (D:5)
  A water moccasin zombie (D:9)
  2 yak zombies (D:9)
  A wight (Orc:1)
  A bullfrog zombie (D:9)
  A centaur zombie (D:8)
  A hound (D:5)
  2 mummies
  2 adder zombies
  2 gnoll zombies (D:6)
  A leopard gecko zombie (D:6)
  An orc skeleton (D:4)
  18 orc zombies
35 creatures vanquished.

Grand Total: 338 creatures vanquished

Notes
Turn   | Place    | Note
-------+----------+-------------------------------------------
     0 | D:1      | wotfoxis the Deep Elf Summoner began the quest for the Orb.
     0 | D:1      | Reached XP level 1. HP: 10/10 MP: 6/6
   445 | D:1      | Reached XP level 2. HP: 15/15 MP: 4/8
   449 | D:1      | Learned a level 2 spell: Call Imp
  1122 | D:2      | Reached skill level 5 in Summonings
  1142 | D:3      | Found a sparkling altar of Nemelex Xobeh.
  1213 | D:2      | Reached XP level 3. HP: 17/19 MP: 0/10
  1400 | D:2      | Learned a level 3 spell: Call Canine Familiar
  1412 | D:2      | Reached skill level 4 in Spellcasting
  1653 | D:3      | Noticed Terence
  1670 | D:3      | Killed Terence
  1675 | D:3      | Noticed shakethe's ghost (amateur MiFi)
  1917 | D:3      | Reached XP level 4. HP: 1/24 MP: 1/12
  2347 | D:4      | Noticed Edmund
  2394 | D:3      | Found an iron altar of Okawaru.
  2521 | D:3      | Noticed Sigmund
  2842 | D:3      | Found a basalt altar of Yredelemnul.
  2851 | D:3      | Became a worshipper of Yredelemnul the Dark
  2923 | D:4      | Noticed an ogre
  2952 | D:4      | Noticed Natasha
  2959 | D:4      | Killed Natasha
  3064 | D:3      | Killed Sigmund
  3064 | D:3      | Reached skill level 5 in Spellcasting
  3064 | D:3      | Reached XP level 5. HP: 22/28 MP: 2/15
  3128 | D:3      | Learned a level 4 spell: Summon Lightning Spire
  3187 | D:3      | Killed shakethe's ghost
  3187 | D:3      | Reached skill level 6 in Spellcasting
  3187 | D:3      | Reached XP level 6. HP: 32/32 MP: 0/17
  3819 | D:4      | Killed Edmund
  3909 | D:4      | Noticed Natasha
  4293 | D:4      | Reached skill level 7 in Spellcasting
  4341 | D:4      | Killed Natasha
  4341 | D:4      | Reached * piety under Yredelemnul
  4493 | D:4      | Reached XP level 7. HP: 36/36 MP: 5/19
  4508 | D:4      | Noticed Natasha
  4523 | D:4      | Killed Natasha
  4795 | D:5      | Entered Level 5 of the Dungeon
  4813 | D:5      | Noticed Prince Ribbit
  4840 | D:5      | Killed Prince Ribbit
  4848 | D:5      | Found a staircase to the Ecumenical Temple.
  4882 | D:5      | Noticed Pikel
  4904 | D:5      | Noticed Menkaure
  4913 | D:5      | Found a basalt altar of Yredelemnul.
  4919 | D:5      | Found a shadowy altar of Dithmenos.
  5001 | D:5      | Found a sand-covered staircase.
  5019 | Ossuary  | Entered an ossuary
  5107 | Ossuary  | Reached skill level 8 in Spellcasting
  5369 | D:5      | Killed Menkaure
  5429 | D:5      | Reached ** piety under Yredelemnul
  5468 | D:5      | Killed Pikel
  5468 | D:5      | Reached skill level 9 in Spellcasting
  5468 | D:5      | Reached skill level 1 in Air Magic
  5468 | D:5      | Reached XP level 8. HP: 22/41 MP: 13/23
  6176 | D:6      | Reached skill level 1 in Invocations
  6210 | D:6      | Learned a level 3 spell: Summon Guardian Golem
  6300 | D:6      | Noticed Vesto's ghost (novice DrCj)
  6314 | D:6      | Killed Vesto's ghost
  6314 | D:6      | Reached skill level 10 in Spellcasting
  7079 | D:7      | Reached XP level 9. HP: 45/45 MP: 25/25
  7149 | D:7      | Reached *** piety under Yredelemnul
  7203 | D:7      | Found a bloodstained altar of Trog.
  7204 | D:7      | Found a glowing silver altar of Zin.
  7641 | D:7      | Found a snail-covered altar of Cheibriados.
  7641 | D:7      | Found a blossoming altar of Fedhas.
  7644 | D:7      | Found a deep blue altar of Sif Muna.
  7789 | D:8      | Noticed a two-headed ogre
  7798 | D:8      | Killed a two-headed ogre
  7798 | D:8      | Reached skill level 1 in Short Blades
  7798 | D:8      | Reached skill level 11 in Spellcasting
  7977 | D:8      | Reached skill level 10 in Summonings
  8104 | D:8      | Found a shimmering altar of Xom.
  8579 | D:9      | Received a gift from Yredelemnul (a mummy)
  8603 | D:9      | Found a staircase to the Orcish Mines.
  8630 | D:9      | Received a gift from Yredelemnul (a wight)
  8630 | D:9      | Received a gift from Yredelemnul (a mummy)
  8641 | D:9      | Reached **** piety under Yredelemnul
  8657 | D:9      | Reached skill level 12 in Spellcasting
  8734 | Orc:1    | Entered Level 1 of the Orcish Mines
  8749 | Orc:1    | Noticed an ettin
  8828 | D:9      | Received a gift from Yredelemnul (a mummy)
  8888 | D:9      | Noticed a troll
  8899 | D:9      | Killed a troll
  8899 | D:9      | Reached XP level 10. HP: 50/50 MP: 17/28
  8900 | D:9      | Noticed a two-headed ogre
  9259 | D:9      | Reached skill level 13 in Spellcasting
  9301 | D:9      | Killed a two-headed ogre
  9573 | D:10     | Entered Level 10 of the Dungeon
  9573 | D:10     | Noticed Autsider's ghost (journeyman FoAK)
  9624 | D:10     | Killed Autsider's ghost
  9624 | D:10     | Reached skill level 1 in Hexes
  9689 | D:10     | Learned a level 3 spell: Tukima's Dance
  9713 | D:10     | Noticed an orc sorcerer
  9715 | D:10     | Paralysed by an orc sorcerer for 6 turns
  9719 | D:10     | HP: 1/50 [hippogriff (6)]
  9719 | D:10     | Mangled by a hippogriff

Skill      XL: |  1  2  3  4  5  6  7  8  9 10 |
---------------+-------------------------------+-----
Summonings     | 5 6 7 8 9 10 11 | 11.2
Spellcasting   | 4 5 6 7 9 10 12 13 | 13.5
Stealth        | 3 |  3.9
Air Magic      | 1 2 3 |  3.1
Invocations    | 1 2 3 |  3.1
Dodging        | 3 |  3.3
Short Blades   | 1 |  1.3
Hexes          | 1 |  1.0

Action                   |  1- 3 |  4- 6 |  7- 9 | 10-12 || total
-------------------------+-------+-------+-------+-------++-------
Melee: Unarmed           |     1 |       |     1 |       ||     2
       Dagger            |    10 |    25 |    64 |     7 ||   106
 Cast: Summon Small Mamm |    79 |    76 |   132 |    20 ||   307
       Call Imp          |    19 |    26 |    50 |    12 ||   107
       Call Canine Famil |     1 |    11 |    25 |     4 ||    41
       Summon Lightning  |       |     4 |    23 |     7 ||    34
       Summon Guardian G |       |       |     7 |     5 ||    12
Invok: Animate Remains   |       |       |     9 |       ||     9
       Injury Mirror     |       |       |     1 |       ||     1
       Animate Dead      |       |       |    13 |     5 ||    18
       Recall Undead Sla |       |       |     4 |       ||     4
Evoke: Wand              |       |       |     2 |     3 ||     5
  Use: Scroll            |     2 |     4 |    19 |       ||    25
       Potion            |       |     1 |     1 |     2 ||     4
 Stab: Sleeping          |       |     3 |     3 |       ||     6
       Distracted        |       |     2 |     1 |       ||     3
  Eat: Chunk             |     3 |     3 |     6 |       ||    12
       Ration            |     1 |     1 |     7 |       ||     9
Armor: Robe              |    12 |    12 |    28 |     5 ||    57
Dodge: Dodged            |    25 |    42 |    78 |    12 ||   157
